Map: Acropolis LE

Players

Serral - Winner!

  • Race: Zerg Zerg
  • League: Grandmaster
  • Spawn Location: 11:00

llllllllllll (Stats)

  • Race: Protoss Protoss
  • League: Master
  • Spawn Location: 5:00

Event: 2019 Assembly Summer

VOD

Have the link to the VOD?

Description

Time

  • Played on: Aug. 3, 2019, 12:02 p.m.
  • Length: 32:50

All games in this series

Show
View Real Time Build Order
Export as new Build Order

Serral Zerg - Winner!

Build Orders: Hatch First, Brood Lord Corruptor, Muta Ling Bane 

Get SALT Encoding   

  12  0:00  Drone  
  13  0:12  Overlord  
  13  0:16  Drone  
  14  0:30  Drone x2  
  16  0:44  Drone  
  17  0:51  Hatchery  
  17  0:54  Drone  
  17  0:57  Drone  
  18  1:08  Extractor  
  17  1:13  Spawning Pool  
  17  1:16  Drone  
  17  1:20  Drone  
  18  1:29  Drone  
  19  1:38  Overlord  
  19  1:51  Drone  
  20  1:59  Queen  
  20  2:00  Zergling x2  
  23  2:04  Queen  
  23  2:07  Zergling x2  
  26  2:09  Metabolic Boost  
  26  2:12  Drone  
  26  2:15  Drone  
  28  2:22  Drone  
  29  2:25  Drone  
  30  2:39  Hatchery  
  30  2:40  Zergling x2  
  30  2:43  Drone  
  31  2:47  Overlord  
  31  2:50  Drone  
  32  2:56  Queen  
  34  3:01  Drone  
  34  3:02  Drone  
  36  3:06  Drone  
  36  3:07  Drone  
  36  3:08  Drone  
  36  3:10  Drone  
  36  3:12  Drone  
  41  3:16  Drone x2  
  42  3:23  Overlord  
  42  3:25  Drone  
  43  3:29  Lair  
  43  3:35  Drone, Roach Warren  
  43  3:41  Drone, Extractor  
  42  3:42  Drone x2  
  42  3:44  Drone  
  42  3:45  Drone  
  42  3:48  Drone  
  48  3:51  Drone x2  
  50  3:56  Overlord, Extractor  
  50  3:58  Drone  
  50  4:01  Overlord  
  50  4:04  Drone  
  50  4:05  Zergling x4  
  53  4:10  Overlord  
  53  4:16  Roach x3  
  59  4:21  Roach x2  
  63  4:24  Queen  
  63  4:27  Overseer  
  63  4:29  Zergling x4  
  67  4:34  Overseer  
  67  4:36  Roach x2  
  70  4:43  Roach  
  70  4:45  Overlord  
  72  4:47  Drone x3  
  72  4:48  Drone  
  72  4:51  Overlord  
  72  4:52  Drone  
  77  4:53  Drone  
  77  4:58  Overlord  
  78  5:05  Overlord  
  77  5:08  Drone x3  
  77  5:11  Zergling x6  
  77  5:12  Drone x2  
  82  5:18  Extractor  
  82  5:19  Spire  
  81  5:21  Drone x3  
  81  5:27  Roach x2  
  87  5:30  Drone x2  
  87  5:34  Overlord  
  89  5:40  Drone x3, Extractor  
  89  5:41  Extractor  
  90  5:47  Roach x2  
  90  5:48  Drone x3  
  93  5:51  Overlord, Evolution Chamber  
  93  5:55  Drone x3  
  93  5:56  Overlord  
  95  6:03  Overlord  
  95  6:08  Drone x2  
  95  6:11  Drone x2, Overlord x2  
  96  6:18  Zerg Missile Weapons Level 1  
  94  6:20  Overlord  
  94  6:22  Glial Reconstitution  
  93  6:33  Mutalisk  
  93  6:34  Mutalisk x6  
  105  6:40  Queen  
  105  6:44  Roach x4  
  115  6:48  Roach x2  
  119  7:00  Hatchery  
  118  7:03  Drone x2  
  118  7:04  Baneling Nest  
  118  7:07  Infestation Pit  
  118  7:11  Overlord  
  118  7:12  Zergling x12  
  124  7:16  Overlord  
  124  7:20  Overlord  
  124  7:24  Roach  
  124  7:25  Roach, Zergling x6  
  124  7:29  Drone x2  
  133  7:33  Drone  
  133  7:36  Evolution Chamber  
  133  7:42  Drone  
  133  7:43  Drone x2  
  136  7:46  Hive  
  136  7:49  Centrifical Hooks  
  136  7:50  Ravager  
  136  7:51  Ravager x3  
  140  7:52  Overlord, Ravager  
  140  7:53  Drone x5  
  140  7:56  Drone, Zergling x8  
  151  7:59  Drone  
  151  8:03  Zerg Melee Weapons Level 1  
  151  8:05  Zergling x2  
  152  8:10  Zergling x4  
  154  8:22  Zergling x12  
  154  8:24  Zerg Missile Weapons Level 2  
  158  8:30  Hatchery, Drone  
  158  8:31  Drone x4  
  158  8:32  Spore Crawler, Spine Crawler, Queen  
  158  8:33  Drone x2  
  164  8:36  Overlord  
  164  8:38  Zergling x8  
  168  8:44  Spore Crawler  
  168  8:45  Drone  
  168  8:49  Zergling x12  
  168  8:54  Spore Crawler  
  172  9:00  Spore Crawler  
  172  9:01  Greater Spire  
  172  9:02  Adrenal Glands  
  171  9:08  Zergling x14  
  178  9:15  Drone, Extractor  
  178  9:16  Drone x2  
  175  9:35  Corruptor  
  175  9:36  Corruptor x6  
  176  9:38  Zergling x6  
  176  9:39  Zergling x8  
  180  9:46  Baneling x10, Extractor  
  180  9:47  Drone x3  
  182  10:13  Brood Lord x6  
  194  10:15  Brood Lord  
  194  10:16  Spore Crawler  
  194  10:19  Spore Crawler  
  194  10:22  Spore Crawler x3  
  194  10:23  Zerg Melee Weapons Level 2  
  191  10:29  Spine Crawler  
  191  10:30  Drone x4, Spine Crawler  
  191  10:31  Drone x2, Spine Crawler  
  191  10:33  Extractor  
  191  10:34  Spine Crawler  
  191  10:35  Spine Crawler, Extractor  
  191  10:36  Spore Crawler, Pneumatized Carapace  
  191  10:39  Corruptor  
  191  10:42  Pathogen Glands  
  191  10:43  Zerg Flyer Weapons Level 1  
  191  10:51  Drone x3  
  191  10:55  Baneling x10  
  194  11:04  Zerg Missile Weapons Level 3  
  194  11:17  Brood Lord  
  195  11:26  Infestor x2  
  195  11:32  Burrow  
  199  11:34  Spine Crawler x2  
  199  11:35  Spine Crawler  
  199  11:37  Infestor  
  199  11:39  Neural Parasite  
  190  11:41  Infestor  
  190  11:43  Drone x2  
  190  11:44  Drone x4  
  190  11:45  Drone  
  190  11:46  Spine Crawler  
  198  11:47  Spine Crawler  
  198  11:49  Spine Crawler  
  198  11:50  Spine Crawler x2, Hydralisk Den  
  198  11:51  Drone x2  
  195  11:54  Spore Crawler x2  
  195  11:57  Infestor x2  
  193  12:01  Overlord x2  
  193  12:02  Overlord  
  193  12:05  Zergling x22  
  189  12:10  Infestor x2  
  193  12:20  Muscular Augments  
  193  12:24  Spore Crawler  
  193  12:25  Spore Crawler  
  193  12:26  Spore Crawler, Infestor x2  
  190  12:31  Zergling x18  
  199  12:37  Zerg Flyer Weapons Level 2  
  196  12:56  Hatchery, Overlord  
  196  12:57  Spore Crawler x2  
  196  12:58  Spore Crawler x2, Infestor  
  192  12:59  Infestor x2  
  195  13:20  Infestor x2  
  195  13:23  Baneling x12  
  195  13:25  Zerg Melee Weapons Level 3  
  199  13:32  Grooved Spines  
  199  13:38  Zergling x26  
  189  14:01  Hydralisk x5  
  189  14:02  Hydralisk x3  
  178  14:12  Baneling x5  
  178  14:13  Drone x9  
  178  14:14  Drone  
  178  14:15  Spore Crawler x2  
  186  14:22  Overseer  
  186  14:25  Corruptor  
  186  14:26  Corruptor  
  190  14:41  Corruptor x4  
  197  14:47  Overseer  
  195  15:06  Overseer x3  
  190  15:07  Zerg Flyer Weapons Level 3  
  190  15:11  Infestor x5  
  200  15:15  Overseer  
  200  15:22  Zerg Ground Armor Level 1  
  196  15:37  Zergling x6  
  197  15:57  Drone x2  
  197  15:58  Drone  
  197  16:06  Zergling x6  
  199  16:15  Spore Crawler  
  199  16:16  Spore Crawler x2  
  199  16:17  Spore Crawler  
  194  16:18  Spore Crawler  
  194  16:22  Baneling x5, Zergling x2  
  194  16:23  Zergling x10  
  199  16:40  Spore Crawler  
  199  16:41  Spore Crawler  
  199  16:42  Spore Crawler  
  199  16:46  Overlord  
  188  16:47  Overseer  
  188  16:50  Corruptor x5  
  198  16:55  Baneling x9  
  198  16:56  Baneling  
  172  17:32  Corruptor x6  
  172  17:36  Infestor x5  
  198  17:39  Extractor x2  
  198  17:40  Drone x3  
  199  17:49  Zerg Flyer Armor Level 1  
  199  17:53  Brood Lord  
  199  17:54  Brood Lord  
  199  17:55  Hatchery  
  195  18:15  Zergling x2  
  195  18:16  Zergling x6  
  198  18:39  Zerg Ground Armor Level 2  
  198  18:42  Hatchery  
  196  18:52  Zergling x18  
  196  18:53  Zergling x4  
  198  19:13  Hydralisk x4  
  192  19:23  Hydralisk  
  198  19:25  Baneling x8  
  198  19:27  Infestor x3  
  197  19:46  Zergling x6  
  197  19:48  Zerg Flyer Armor Level 2  
  200  20:00  Overseer  
  186  20:22  Zergling x26  
  186  20:25  Infestor, Brood Lord  
  199  20:40  Corruptor  
  199  20:41  Corruptor  
  199  20:59  Infestor x4  
  199  21:00  Extractor  
  199  21:02  Hatchery  
  199  21:04  Extractor  
  181  21:05  Hydralisk x4  
  181  21:06  Hydralisk  
  181  21:08  Brood Lord  
  191  21:11  Hydralisk x3  
  191  21:12  Zergling x4  
  197  21:28  Infestor x5  
  195  21:55  Corruptor x2  
  195  21:57  Overlord x2  
  199  22:03  Overlord  
  199  22:05  Overlord  
  198  22:21  Spore Crawler x2  
  196  22:23  Spore Crawler x2  
  196  22:25  Infestor x3  
  196  22:46  Zergling x10  
  197  22:57  Extractor  
  196  23:05  Zergling x6  
  191  23:47  Infestor x5  
  198  23:57  Zergling x2  
  198  23:58  Spore Crawler  
  198  23:59  Extractor  
  193  24:10  Spine Crawler  
  192  24:20  Zerg Ground Armor Level 3, Spine Crawler  
  192  24:22  Spine Crawler  
  188  24:50  Zerg Flyer Armor Level 3  
  170  25:21  Corruptor x8  
  182  25:29  Brood Lord x3  
  182  25:35  Corruptor x4  
  198  25:51  Overseer  
  198  25:53  Infestor x3  
  196  26:33  Zergling x6  
  196  26:35  Baneling x8  
  196  26:38  Overseer  
  198  26:58  Extractor  
  197  27:01  Zergling x4  
  197  27:03  Spore Crawler  
  190  27:09  Zergling x8  
  190  27:10  Zergling x16  
  190  27:13  Brood Lord  
  190  27:14  Brood Lord  
  190  27:15  Brood Lord  
  198  27:22  Spore Crawler, Drone x3  
  200  27:23  Spore Crawler x2  
  200  27:29  Infestor  
  200  27:38  Baneling x10  
  200  27:39  Baneling x2  
  200  27:44  Overseer x2  
  199  27:53  Infestor  
  195  28:20  Zergling x10  
  180  28:29  Infestor x9  
  198  28:41  Zergling x8  
  199  29:01  Brood Lord x3  
  197  29:03  Corruptor  
  199  29:19  Spore Crawler x2  
  199  29:20  Corruptor  
  199  29:21  Spore Crawler x2, Corruptor x5  
  199  29:23  Spore Crawler  
  198  29:35  Hatchery  
  181  29:56  Corruptor  
  181  29:57  Corruptor x11  
  180  30:23  Brood Lord x8  
  180  30:25  Zergling x8  
  195  30:34  Zergling x10  
  199  30:52  Extractor  
  199  30:56  Extractor  
  197  30:57  Drone x2  
  193  31:19  Zergling x12  
  199  31:30  Spore Crawler  
  179  31:53  Corruptor x9  
  179  32:07  Zergling x24  
  179  32:08  Zergling x4  
  175  32:39  Hatchery  
Show
View Real Time Build Order
Export as new Build Order

llllllllllll Protoss 

Build Orders: 1 Gate Expand, Archon Immortal, Archon Drop, Dark Templar Rush 

Get SALT Encoding   

  12  0:00  Probe  
  13  0:12  Probe  
  14  0:20  Pylon  
  14  0:24  Probe  
  15  0:34  Probe  
  15  0:42  Probe  
  16  0:45  Gateway  
  16  0:49  Assimilator  
  17  0:52  Probe  
  18  1:04  Probe  
  19  1:16  Probe  
  20  1:27  Nexus  
  20  1:37  Cybernetics Core  
  20  1:38  Probe  
  21  1:45  Assimilator  
  21  1:50  Probe  
  22  1:55  Pylon  
  22  2:02  Probe  
  22  2:03  Adept  
  23  2:13  Warp Gate  
  23  2:14  Probe  
  26  2:27  Probe  
  27  2:30  Twilight Council  
  27  2:33  Stalker  
  27  2:36  Probe  
  29  2:37  Probe  
  31  2:44  Probe  
  31  2:45  Probe  
  33  2:53  Probe  
  33  2:55  Probe  
  35  2:59  Robotics Facility  
  35  3:05  Probe  
  36  3:08  Probe  
  37  3:17  Probe  
  38  3:20  Probe  
  38  3:21  Dark Shrine  
  38  3:25  Gateway  
  39  3:29  Probe  
  39  3:32  Probe  
  41  3:35  Gateway x2  
  41  3:36  Warp Prism  
  41  3:44  Probe  
  44  3:48  Pylon  
  44  3:52  Assimilator  
  44  3:54  Assimilator  
  44  3:57  Probe x2  
  46  4:05  Pylon  
  46  4:08  Adept  
  46  4:09  Probe x2  
  50  4:15  Pylon  
  50  4:21  Probe x2  
  52  4:34  Probe x2  
  52  4:37  Dark Templar x4  
  62  4:39  Observer  
  62  4:41  Pylon  
  62  4:42  Archon x2  
  63  4:58  Pylon  
  63  5:01  Immortal  
  63  5:04  Probe x2  
  69  5:18  Nexus  
  69  5:19  Sentry x2  
  69  5:21  Probe x2  
  75  5:31  Sentry x2  
  75  5:33  Probe x2, Pylon  
  75  5:35  Forge  
  81  5:39  Pylon  
  81  5:40  Pylon  
  81  5:47  Immortal  
  85  5:59  Probe x2  
  87  6:11  Zealot x4  
  87  6:15  Charge  
  95  6:19  Probe x2  
  95  6:21  Protoss Ground Weapons Level 1  
  97  6:27  Immortal  
  101  6:36  Probe x3  
  101  6:37  Shield Battery  
  101  6:39  Gateway  
  104  6:41  Gateway  
  104  6:43  Gateway  
  104  6:45  Gateway  
  104  6:49  Photon Cannon, Templar Archives  
  104  6:52  Photon Cannon  
  104  6:57  Photon Cannon  
  104  7:05  Stargate  
  104  7:06  Stargate  
  104  7:07  Probe x3  
  107  7:09  Assimilator  
  107  7:11  Assimilator  
  107  7:18  Shield Battery  
  107  7:24  Probe x3  
  105  7:31  Psionic Storm  
  105  7:36  Immortal, Probe x3  
  112  7:42  Phoenix  
  112  7:43  Phoenix  
  114  7:59  Probe x3  
  114  8:05  Phoenix x2  
  115  8:11  Probe x3  
  120  8:24  High Templar, Protoss Ground Weapons Level 2  
  120  8:25  High Templar  
  120  8:26  Pylon  
  124  8:28  Pylon  
  124  8:30  Shield Battery, Pylon x2  
  124  8:31  Pylon  
  124  8:32  Gateway  
  124  8:34  Gateway  
  124  8:39  Nexus  
  124  8:40  Pylon  
  122  8:46  High Templar x2  
  126  8:51  Immortal  
  126  9:00  Gateway  
  130  9:04  Zealot x6  
  142  9:12  Shield Battery  
  142  9:16  Pylon  
  142  9:17  Probe x3  
  145  9:25  High Templar x3  
  145  9:26  High Templar, Zealot x3  
  145  9:30  Archon  
  157  9:33  Zealot x3  
  157  9:34  Photon Cannon  
  155  9:41  Immortal  
  147  9:46  Probe  
  147  9:47  Probe x2  
  147  9:48  Assimilator  
  147  9:50  Assimilator  
  152  10:01  Observer  
  151  10:08  Photon Cannon  
  151  10:10  Immortal  
  151  10:15  Shield Battery, Photon Cannon  
  155  10:23  Fleet Beacon  
  155  10:25  Stargate  
  155  10:27  Stargate  
  155  10:29  Probe x2  
  155  10:30  Probe x2  
  159  10:36  Protoss Air Weapons Level 1  
  159  10:42  Zealot  
  159  10:43  Protoss Ground Weapons Level 3  
  155  10:57  Stalker x2  
  155  10:59  Mothership  
  157  11:10  Tempest x3  
  169  11:13  Probe  
  169  11:14  Probe x3  
  169  11:16  Photon Cannon  
  169  11:18  Photon Cannon  
  178  11:26  Tempest  
  183  11:37  Nexus  
  183  11:38  Pylon  
  183  11:41  Zealot  
  183  11:43  Shield Battery  
  185  11:48  Cybernetics Core  
  185  11:55  Tempest x2  
  185  11:56  Tempest  
  200  12:18  Shield Battery  
  200  12:19  Pylon  
  200  12:20  Pylon  
  200  12:22  Shield Battery  
  200  12:23  Photon Cannon  
  200  12:24  Photon Cannon  
  200  12:26  Photon Cannon  
  200  12:27  Robotics Bay  
  200  12:29  Robotics Facility  
  200  12:32  Robotics Facility  
  200  12:35  Protoss Air Armor Level 1  
  200  12:39  Protoss Air Weapons Level 2  
  200  12:40  Assimilator  
  200  12:43  Assimilator  
  200  13:18  Photon Cannon  
  198  13:20  Photon Cannon  
  198  13:22  Disruptor  
  198  13:25  Forge  
  199  13:27  Shadow Stride  
  199  13:28  Protoss Shields Level 1  
  199  13:37  Disruptor  
  199  13:38  Gravitic Drive  
  199  13:40  Warp Prism  
  200  13:50  Warp Prism  
  196  14:02  Protoss Ground Armor Level 1  
  192  14:06  High Templar  
  192  14:08  Photon Cannon  
  194  14:10  Disruptor  
  194  14:11  Photon Cannon  
  194  14:12  Photon Cannon  
  194  14:13  Zealot, Photon Cannon  
  199  14:24  Nexus  
  199  14:26  Pylon  
  199  14:37  Nexus  
  199  14:39  Pylon  
  199  15:14  Photon Cannon  
  191  15:16  Photon Cannon  
  191  15:17  Photon Cannon  
  191  15:19  Photon Cannon  
  191  15:21  Shield Battery x2  
  191  15:24  Disruptor x2, Shield Battery  
  191  15:25  Disruptor  
  191  15:26  Shield Battery  
  191  15:27  Shield Battery  
  200  15:31  Shield Battery  
  200  15:33  Dark Templar, Assimilator  
  200  15:34  Dark Templar  
  197  15:38  Dark Templar x2, Assimilator  
  197  15:40  Pylon  
  197  15:41  Protoss Shields Level 2  
  189  15:47  Protoss Air Weapons Level 3  
  189  15:53  Protoss Air Armor Level 2  
  189  15:54  Carrier  
  189  15:55  Carrier  
  198  16:16  Oracle x2  
  198  16:18  Gateway x2  
  198  16:21  Gateway  
  198  16:24  Gateway  
  198  16:28  Gravitic Boosters  
  198  16:34  Protoss Ground Armor Level 2  
  198  16:37  Observer  
  198  16:38  Observer  
  198  16:50  Photon Cannon  
  198  16:53  Photon Cannon  
  198  17:13  Disruptor  
  195  17:21  Tempest x3  
  195  17:27  Tempest  
  195  17:29  Disruptor x2  
  177  17:41  Warp Prism  
  190  18:05  Oracle  
  186  18:39  Photon Cannon  
  186  18:41  Photon Cannon  
  198  18:55  Zealot x2  
  200  18:57  Protoss Shields Level 3  
  200  18:58  Protoss Air Armor Level 3  
  200  18:59  Zealot  
  200  19:01  Zealot x7  
  192  19:03  Zealot x5  
  192  19:08  Probe x2  
  199  19:14  Probe x3  
  195  19:20  Probe x2  
  195  19:22  Pylon  
  193  19:24  Pylon  
  193  19:25  High Templar x3  
  177  19:46  Photon Cannon  
  177  19:47  Shield Battery, Photon Cannon  
  177  19:48  Photon Cannon  
  177  19:50  Photon Cannon  
  177  19:52  Shield Battery  
  178  19:56  Disruptor x2  
  183  20:00  Zealot x6  
  183  20:01  Zealot x2  
  176  20:42  Warp Prism x2  
  176  20:46  High Templar x6  
  176  20:47  Zealot x6  
  176  20:49  Zealot  
  200  20:50  Archon x3  
  200  20:53  Pylon  
  196  21:05  Zealot x2  
  200  21:13  Protoss Ground Armor Level 3  
  198  21:23  Pylon  
  181  21:33  High Templar x4  
  181  21:36  Zealot  
  180  22:04  High Templar x2  
  180  22:05  High Templar x2  
  180  22:06  High Templar x2  
  180  22:08  Observer x2  
  194  22:10  Archon  
  194  22:11  Archon  
  194  22:12  Archon  
  194  22:16  Dark Templar x2, Zealot  
  198  22:28  Pylon  
  198  22:38  Blink  
  196  22:46  Stalker x2  
  200  22:55  Photon Cannon  
  200  22:56  Photon Cannon  
  200  22:58  Photon Cannon  
  196  23:08  Nexus  
  193  24:01  Pylon  
  193  24:03  Pylon  
  193  24:15  Oracle x2  
  198  24:45  Zealot x2  
  199  24:51  Observer  
  194  25:16  Nexus  
  194  25:18  Pylon  
  185  25:30  Carrier x2  
  192  25:53  High Templar x2  
  152  26:44  Carrier x4  
  152  26:46  Nexus, Pylon  
  176  26:48  Disruptor x3  
  183  27:06  Zealot  
  183  27:07  Zealot x7  
  199  27:20  Photon Cannon  
  199  27:22  Photon Cannon  
  199  27:24  Photon Cannon x2  
  199  27:25  Photon Cannon  
  199  27:27  Photon Cannon  
  199  27:29  Shield Battery  
  199  27:30  Shield Battery  
  199  27:32  Shield Battery  
  199  27:33  Shield Battery  
  199  27:34  Observer  
  199  27:35  Shield Battery  
  199  27:37  Shield Battery  
  200  27:40  Shield Battery  
  200  27:41  Shield Battery  
  200  27:49  Shield Battery  
  200  27:51  Shield Battery  
  200  27:53  Pylon  
  200  27:54  Assimilator  
  200  27:59  Assimilator  
  192  28:37  Probe  
  192  28:38  Zealot x6, Probe x3  
  174  28:41  Probe  
  174  28:46  Probe x3  
  175  28:53  Probe  
  171  29:07  Oracle x2  
  176  29:18  Zealot x11  
  198  29:57  Zealot x3  
  167  30:07  Mothership  
  167  30:09  Zealot x2, Void Ray x2  
  167  30:10  Void Ray x2  
  167  30:12  Stalker x3  
  167  30:14  Stalker x4  
  167  30:15  Stalker  
  149  30:40  High Templar x4  
  149  30:42  Probe x2  
  156  30:43  Probe x2  
  156  30:49  Carrier x2, Tempest x2  
  155  30:54  Probe  
  178  31:02  Zealot x7  
  178  31:03  Zealot x3  
  188  31:23  Observer x2  
  188  31:37  Tempest x2  
  184  31:48  Disruptor  
  184  31:49  Disruptor  
  136  32:01  Stalker x2  
  127  32:43  Archon  
Tags
 
Add a new tag
Caveats
  • Supply blocks, unpowered buildings, or Contaminate may cause inaccurate times.
  • Supply counts are checked every 10 seconds.